 Dungeon Crawl Stone Soup version 0.16-a0-296-gbdb9f68 (webtiles) character file.

72 Ololoev the Cudgeler (level 4, -3/39 HPs)
             Began as a Naga Gladiator on Aug 29, 2014.
             Slain by an ogre
             ... wielding a cursed -2 giant club
              (10 damage)
             ... on Level 3 of the Dungeon.
             The game lasted 00:05:18 (2270 turns).

Ololoev the Cudgeler (Naga Gladiator)               Turns: 2270, Time: 00:05:18

HP  -3/39        AC  3     Str 17      XL: 4   Next: 25%
MP   4/4         EV 10     Int 11      God:
Gold 85          SH  0     Dex 13      Spells:  0 memorised,  3 levels left

rFire  . . .     SeeInvis +     j - +0 whip
rCold  . . .     Clarity  .     b - +0 leather armour
rNeg   . . .     rCorr    .     (no shield)
rPois  +         rRot     .     c - +0 helmet
rElec  .         Spirit   .     (no cloak)
SustAb .         Warding  .     (no gloves)
rMut   .         Stasis   .     (no barding)
Gourm  .                        (no amulet)
MR     .....                    (no ring)
                                g - +3 ring of intelligence

@: very slow, not resistant to hostile enchantments, very unstealthy
A: spit poison, see invisible, deformed body, poison resistance, slowness 2, AC
+1
a: Spit Poison


You were on level 3 of the Dungeon.
You were hungry.

You visited 1 branch of the dungeon, and saw 3 of its levels.

You collected 85 gold pieces.

Inventory:

Hand weapons
 j - a +0 whip (weapon)
Missiles
 d - 5 throwing nets (quivered)
Armour
 b - a +0 leather armour (worn)
 c - a +0 helmet (worn)
Comestibles
 f - 3 bread rations
 m - a meat ration
 w - a slice of pizza
Scrolls
 e - a scroll of amnesia {unknown}
 h - 3 scrolls of remove curse {unknown}
 l - 4 scrolls of enchant weapon {unknown}
 n - a scroll of blinking {unknown}
 q - a scroll of noise {unknown}
 s - 3 scrolls of identify {unknown}
 t - a scroll of fear {unknown}
 x - a scroll of teleportation {unknown}
Jewellery
 g - a +3 ring of intelligence (left hand)
Potions
 a - 4 potions of haste {unknown}
 i - 2 potions of curing {unknown}
 k - a potion of restore abilities {unknown}
 o - a potion of might {unknown}
 p - a potion of agility {unknown}
 r - a potion of magic {unknown}


   Skills:
 - Level 2.0 Fighting
 * Level 5.0 Maces & Flails
 - Level 1.7 Throwing
 - Level 2.4 Dodging


You had 3 spell levels left.
You didn't know any spells.

Dungeon Overview and Level Annotations

Branches:
Dungeon (3/15)

Altars:


Innate Abilities, Weirdness & Mutations

You cannot wear boots.
You can spit poison.
Your serpentine skin is tough (AC +1).
You have supernaturally acute eyesight.
Armour fits poorly on your strangely shaped body.
Your system is resistant to poisons.
You cover ground very slowly.


Message History

Found a blue potion.
Use which ability? (? or * to list)
Press: ? - help, Shift-Dir - straight line, f - gnoll
Aim: a gnoll, wielding a halberd The splash of poison hits the gnoll.
The gnoll is poisoned.
The gnoll is heavily wounded.
You feel slightly more hungry.
You have got your breath back.
The gnoll barely misses you.
You hit the gnoll.
The gnoll is severely wounded.
The gnoll looks more healthy.
The gnoll hits you with a halberd!
The gnoll hits you from afar with a halberd!
The gnoll barely misses you. The ogre hits you with a giant club.
* * * LOW HITPOINT WARNING * * *
The gnoll closely misses you.
There is a stone staircase leading up here.
The ogre hits you with a giant club!
You die...

######## ...... #....
#...########
#....#@....#
..########.gO...#.#
.$.............>..#
.O.........###########
....?.....!
..........g
..........# .......(..
........#


You could see an ogre and a gnoll.

Vanquished Creatures
  An adder (D:2)
  2 gnolls
  A worm (D:2)
  A giant gecko (D:1)
  4 giant cockroaches
  6 hobgoblins
  4 bats
  4 giant newts
  7 goblins
  5 kobolds
  5 rats
40 creatures vanquished.

Notes
Turn   | Place    | Note
--------------------------------------------------------------
     0 | D:1      | Ololoev, the Naga Gladiator, began the quest for the Orb.
     0 | D:1      | Reached XP level 1. HP: 19/19 MP: 1/1
   361 | D:1      | Reached XP level 2. HP: 24/26 MP: 2/2
  1202 | D:1      | Reached skill level 4 in Maces & Flails
  1282 | D:2      | Reached XP level 3. HP: 16/32 MP: 3/3
  1968 | D:3      | Noticed an ogre
  1982 | D:3      | Reached XP level 4. HP: 17/39 MP: 4/4
  2125 | D:2      | Reached skill level 5 in Maces & Flails
  2270 | D:3      | Slain by an ogre

Action                   |  1- 3 |  4- 6 || total
-------------------------+-------+-------++-------
Melee: Flail             |    14 |       ||    14
       Whip              |    82 |    17 ||    99
 Abil: Spit Poison       |    21 |     4 ||    25
  Eat: Chunk             |     4 |     1 ||     5
